 Dungeon Crawl Stone Soup version 0.25.1-2-g60ff931df9 (webtiles) character file.

Game seed: 1305536506429324484

1060 Doot the Cudgeler (level 8, 0/68 HPs)
             Began as a Minotaur Fighter on Oct 6, 2020.
             Was an Initiate of Okawaru.
             Slain by an orc warrior
             ... wielding a +0 trident
              (11 damage)
             ... on level 6 of the Dungeon on Oct 7, 2020.
             The game lasted 01:02:40 (6985 turns).

Doot the Cudgeler (Minotaur Fighter)                Turns: 6985, Time: 01:02:40

Health: 0/68       AC:  9    Str: 22    XL:     8   Next: 6%
Magic:  7/7        EV:  9    Int:  5    God:    Okawaru [......]
Gold:   237        SH: 10    Dex: 11    Spells: 7/7 levels left

rFire    + . .     SeeInvis .   M - +0 morningstar
rCold    x . .     Gourm    .   c - +0 kite shield
rNeg     . . .     Faith    .   b - +0 scale mail
rPois    +         Spirit   .   (helmet restricted)
rElec    .         Reflect  .   D - +0 cloak
rCorr    .         Harm     .   (no gloves)
MR       .....                  (no boots)
Stlth    ..........             (no amulet)
HPRegen  0.21/turn              A - ring of fire
MPRegen  0.10/turn              I - ring of poison resistance

@: no status effects
A: retaliatory headbutt, horns 2
a: Renounce Religion


You were on level 6 of the Dungeon.
You worshipped Okawaru.
Okawaru was noncommittal.
You were not hungry.

You visited 1 branch of the dungeon, and saw 6 of its levels.

You collected 237 gold pieces.

Inventory:

Hand Weapons
 M - a +0 morningstar (weapon)
 T - a +2 falchion of draining
Missiles
 r - 291 stones (quivered)
 y - 135 arrows
 G - 16 boomerangs
Armour
 b - a +0 scale mail (worn)
 c - a +0 kite shield (worn)
 i - a +0 ring mail
 t - a +0 ring mail
 D - a +0 cloak (worn)
 P - a +0 leather armour of cold resistance
Jewellery
 A - a ring of fire (left hand)
 I - a ring of poison resistance (right hand)
 X - an uncursed ring of wizardry
 Y - an uncursed ring of fire
Wands
 K - a wand of disintegration (14)
 W - a wand of enslavement (8)
Scrolls
 d - a scroll of noise {unknown}
 k - a scroll of blinking {unknown}
 w - a scroll of fog {unknown}
 x - 6 scrolls of identify {unknown}
 B - 4 scrolls of remove curse {unknown}
 C - 3 scrolls of teleportation {unknown}
 J - a scroll of immolation {unknown}
 O - a scroll of magic mapping {unknown}
 R - a scroll of fear {unknown}
 S - a scroll of enchant weapon {unknown}
 U - a scroll of enchant armour {unknown}
 Z - a scroll of amnesia {unknown}
Potions
 a - a potion of ambrosia {unknown}
 h - 3 potions of curing
 z - a potion of might
 L - a potion of magic {unknown}
 N - a potion of degeneration {unknown}
Comestibles
 f - 15 rations


   Skills:
 + Level 5.0 Fighting
 + Level 7.0 Maces & Flails
 + Level 6.3 Armour
 + Level 2.9 Dodging
 + Level 0.6 Stealth
 + Level 6.4 Shields


You had 7 spell levels left.
You didn't know any spells.
Your spell library was empty.

Dungeon Overview and Level Annotations

Branches:
Dungeon (6/15)
 Temple: D:4-7

Altars:
Cheibriados
Okawaru
Sif Muna
Yredelemnul

Shops:
D:4 =


Innate Abilities, Weirdness & Mutations

You reflexively headbutt those who attack you in melee.
You have a pair of horns on your head.


Message History

The orc warrior hits you from afar with a +0 trident!
The orc misses you. The orc priest misses you.
You closely miss the orc priest. Your headbutt misses the orc priest.
The orc priest is heavily wounded.
You block the orc warrior's attack. You block the orc priest's attack.
The orc completely misses you.
The orc warrior hits you from afar with a +0 trident!
* * * LOW HITPOINT WARNING * * *
The orc priest casts a cantrip, but nothing happens.
Items here: )) [[ a +0 flail; a +0 leather armour; a +0 whip; a +0 scale mail The orc priest calls down the wrath of Beogh upon you.
Pain shoots through your body!
* * * LOW HITPOINT WARNING * * *
You block the orc's attack. You block the orc warrior's attack.
There is a stone staircase leading up here.
You block the orc's attack.
The orc warrior hits you from afar with a +0 trident!
You die...

##.....##.......##...
##.....##.......#
##.....##.......####+###
........#..............#
........#.............#
........))............##
####...##))..o.........#
# ######.....ooo......#
....... +.......@......#
o...... #.......##.....#
..o.... ######### .....#
....... .....# .###..%
....# ## ##+ ....# ...#


You could see an orc warrior, an orc priest and 2 orcs.

Vanquished Creatures
  A phantom (D:4)
  2 ogres
  2 bullfrogs
  A scorpion (D:5)
  A water moccasin skeleton (D:5)
  Crazy Yiuf (D:2)
  2 hounds (D:3)
  An orc wizard (D:6)
  A gnoll shaman (D:4)
  2 worker ants
  2 iguanas
  2 hound skeletons (D:4)
  Robin (D:2)
  11 gnolls
  4 adders
  3 worms
  2 dart slugs
  A leopard gecko (D:1)
  24 orcs
  2 giant cockroaches
  23 goblins
  15 hobgoblins
  7 jackals
  A quokka (D:3)
  2 ball pythons
  7 bats
  3 frilled lizards
  A jackal skeleton (D:3)
  5 kobolds
  12 rats
  A spectral orc (D:4)
  A plant (D:4)
144 creatures vanquished.

Notes
Turn   | Place    | Note
-------+----------+-------------------------------------------
     0 | D:1      | Doot the Minotaur Fighter began the quest for the Orb.
     0 | D:1      | Reached XP level 1. HP: 19/19 MP: 0/0
   510 | D:1      | Reached XP level 2. HP: 27/27 MP: 1/1
  1473 | D:1      | Reached skill level 3 in Maces & Flails
  1473 | D:1      | Reached XP level 3. HP: 19/33 MP: 2/2
  1762 | D:2      | Found a runed translucent door.
  1763 | D:2      | Noticed Crazy Yiuf
  2058 | D:2      | Reached XP level 4. HP: 34/40 MP: 3/3
  2076 | D:2      | Noticed Robin
  2114 | D:2      | Killed Robin
  2121 | D:2      | Reached skill level 4 in Maces & Flails
  2645 | D:2      | Reached XP level 5. HP: 46/46 MP: 4/4
  2921 | D:2      | Killed Crazy Yiuf
  3460 | D:3      | Reached skill level 1 in Dodging
  3714 | D:3      | Reached skill level 5 in Armour
  4047 | D:4      | Reached skill level 5 in Maces & Flails
  4050 | D:4      | HP: 2/46 [gnoll/+0 spear (3)]
  4350 | D:3      | Reached XP level 6. HP: 30/53 MP: 5/5
  4555 | D:3      | Reached skill level 5 in Shields
  4732 | D:4      | Reached XP level 7. HP: 60/60 MP: 6/6
  4857 | D:4      | Reached skill level 6 in Maces & Flails
  5196 | D:4      | Found Ypnuump's Jewellery Shoppe.
  5227 | D:4      | Found a shimmering blue altar of Sif Muna.
  5286 | D:4      | Found an iron altar of Okawaru.
  5294 | D:4      | Became a worshipper of Warmaster Okawaru
  5603 | D:4      | Found a basalt altar of Yredelemnul.
  5672 | D:5      | Entered Level 5 of the Dungeon
  6723 | D:5      | Found a snail-covered altar of Cheibriados.
  6968 | D:6      | Reached XP level 8. HP: 64/67 MP: 7/7
  6968 | D:6      | Reached skill level 5 in Fighting
  6968 | D:6      | Reached skill level 7 in Maces & Flails
  6985 | D:6      | Slain by an orc warrior

Illustrated notes

Levels and vault maps discovered:
D:1:      doesnt_arrival_eight_statues, layout_loops_corners,
          minmay_pentomino_z4
D:2:      layout_basic, uniq_crazy_yiuf_cottage, uniq_robin
D:3:      layout_loops_ring, chequers_serial_rivers_micro_e
D:4:      corexii_shantytown, layout_cave_pools,
          yredelemnul_forgotten_temple_becter, kennysheep_okawaru_gauntlet,
          lemuel_round_altar, first_ration, serial_shops, kennysheep_little_box
D:5:      layout_basic, lemuel_coloured_pillars_altar
D:6:      layout_gridville, makhleb_grotto_becter, xom_butterflies,
          minmay_temple_entry_statues_fountains, serial_shops,
          nicolae_shop_crystal

Skill      XL: |  1  2  3  4  5  6  7  8 |
---------------+-------------------------+-----
Fighting       | 4 5 |  5.0
Maces & Flails | 3 4 5 6 7 |  7.0
Armour         | 4 5 6 |  6.3
Shields        | 4 5 6 |  6.4
Dodging        | 1 2 |  2.9
Stealth        | |  0.6

Action                   |  1- 3 |  4- 6 |  7- 9 || total
-------------------------+-------+-------+-------++-------
Melee: Flail             |    61 |   190 |    55 ||   306
       Headbutt          |     6 |    30 |    24 ||    60
       Morningstar       |       |       |   117 ||   117
  Use: Potion            |     2 |     2 |       ||     4
  Eat: Chunk             |     3 |     6 |     4 ||    13
       Ration            |       |     1 |     1 ||     2
Armor: Scale mail        |    36 |   110 |    52 ||   198
Dodge: Dodged            |    24 |    75 |    67 ||   166
Block: Kite shield       |    30 |   124 |   104 ||   258
